[Event "34th MPL National U14-ch 2022"]
[Site "Ahmedabad"]
[Date "2022.05.12"]
[Round "8.4"]
[White "Md Imran"]
[Black "Bagwe Gaurang"]
[Result "1/2-1/2"]
[ECO "D18"]
[WhiteElo "2122"]
[BlackElo "1789"]
[Annotator "TA"]
[PlyCount "65"]
[EventDate "2022.05.09"]
[EventType "swiss"]
[EventCountry "IND"]
[SourceTitle "playchess.com"]
[Source "ChessBase"]
[SourceQuality "1"]
[TimeControl "5400+30"]

1. d4 d5 2. Nf3 c6 3. c4 Nf6 4. Nc3 dxc4 5. a4 Bf5 6. e3 e6 7. Bxc4 Nbd7 8. O-O Bb4 9. Nh4 Bg4 {[%emt 0:00:47] 9...0-0 is setting a new trend.} 10. Qb3 {[%emt 0:00:48] D18: Slav Defence: 5 a4 Bf5 6 e3.} (10. f3 Bh5 11. e4) (10. f3 $14 {deserves consideration.} Bh5 11. e4) 10... a5 $11 11. Na2 Be7 12. f3 Bh5 13. g4 Nd5 {[%emt 0:04:08] [#]} 14. Nf5 $146 (14. Ng2 Bg6 15. e4 N5b6 16. Be2 O-O 17. Be3 Bd6 18. Nc3 Bb4 19. Rad1 Qe7 20. Kh1) (14. Ng2 $11 Bg6 15. e4) ({Predecessor:} 14. Ng2 Bg6 15. e4 N5b6 16. Be2 O-O 17. Be3 Bd6 18. Nc3 Bb4 19. Rad1 Qe7 20. Kh1 {½-½ (69) Wessman,R (2245)-Cramling,P (2455) Stockholm 1987}) 14... exf5 $15 15. gxh5 N7b6 16. Bxd5 Nxd5 17. Qxb7 O-O (17... Rc8 $1 $15) 18. Qxc6 $11 Rc8 19. Qb5 Bd6 {[%emt 0:01:12] Strongly threatening ...Qg5+.} 20. f4 {[%emt 0:10:19] [#] Prevents Qg5+.} (20. Rf2) 20... Qh4 $1 21. Nc3 (21. Qxd5 Rc2 22. Qg2 Rxg2+ 23. Kxg2 Qg4+ 24. Kh1 Qxh5) (21. Rf2 Qg4+ 22. Rg2 Qd1+ 23. Qf1 Qxf1+ 24. Kxf1) (21. Qxd5 $2 Rc2 $1 22. Qg2 Rxg2+ 23. Kxg2 Rb8 $19) (21. Rf2 Qg4+) 21... Qg4+ 22. Kh1 Nxc3 23. bxc3 Rxc3 {[%emt 0:00:15] ( -> ...Rc2)} 24. Ra2 {[%emt 0:05:43] Against Rc2} Rb8 (24... Rfc8 25. Rg2 Qxh5) (24... Rfc8 $15 25. Rg2 Qxh5) 25. Qd5 (25. Qxa5 Rd3 26. Qe1) (25. Qxa5 $14 Rd3 26. Qe1) 25... Rb1 {[%emt 0:02:41] The position is equal.} 26. Qxd6 {[%emt 0:03:21][%cal Rd6d8] Chess con chili.} h6 $1 27. Rg2 $1 (27. Qd8+ Kh7 28. Rg2 Qf3) (27. Qd8+ {leads to mate.} Kh7 28. Rg2 {[#]} Qf3 $3 ) 27... Qf3 28. Qb8+ $1 (28. Rxf3 $2 {gets mated.} Rcxc1+) (28. Qd8+ Kh7) 28... Kh7 29. Qxb1 (29. Rxf3 $2 {is a self mate.} Rcxc1+) 29... Qxf1+ 30. Rg1 Qf3+ 31. Rg2 {[%emt 0:00:02] Hoping for Bd2.} Qf1+ 32. Rg1 Qf3+ 33. Rg2 {[%emt 0:00:33] Weighted Error Value: White=0.15 (very precise) /Black=0.14 (very precise)} 1/2-1/2

[Event "34th MPL National U14-ch 2022"]
[Site "Ahmedabad"]
[Date "2022.05.12"]
[Round "8.5"]
[White "Shaik Sumer Arsh"]
[Black "Aswath S"]
[Result "1/2-1/2"]
[ECO "D31"]
[WhiteElo "1999"]
[BlackElo "1694"]
[Annotator "TA"]
[PlyCount "77"]
[EventDate "2022.05.09"]
[EventType "swiss"]
[EventCountry "IND"]
[SourceTitle "playchess.com"]
[Source "ChessBase"]
[SourceQuality "1"]
[TimeControl "5400+30"]

1. d4 d5 2. c4 e6 3. Nc3 c6 4. e4 dxe4 5. Nxe4 Bb4+ 6. Bd2 Qxd4 7. Bxb4 Qxe4+ 8. Be2 Na6 9. Ba5 b6 {[%emt 0:00:22] [#] D31: Queen's Gambit Declined: Semi-Slav without ...Nf6 (+ Marshall Gambit and Noteboom) and Exchange Variation lines without ...Nf6.} 10. Bc3 (10. Qd6 $1 $11 e5 (10... Bd7 11. Bc3) 11. Rd1 $1 (11. f3 Qh4+ 12. g3 Qf6 $15)) 10... Nf6 (10... Qxg2 $2 11. Bf3 Qg6 12. Bxc6+ Ke7 13. Nf3 $18) (10... Ne7 $15) 11. Nf3 ({Better is} 11. Qd6 $11 Bd7 12. Nf3 (12. Bxf6 gxf6 13. Rd1 O-O-O $17)) 11... O-O (11... Bb7 $1 $15) 12. O-O Bb7 {[%emt 0:04:09] [#]} 13. Bd3 $146 (13. Ne5 {looks sharper.} Rfd8 14. Bd3 Qh4 15. Qf3) ({Predecessor:} 13. Re1 Rfd8 14. Qc1 c5 15. a3 Nc7 16. Bf1 Qg4 17. h3 Qg6 18. Ne5 Qh5 19. g4 {1-0 (28) Kurbasov,S (2288)-Karasev,V ICCF email 2010}) 13... Qg4 14. h3 Qh5 (14... Qf4 $15) 15. Re1 c5 $1 {[%emt 0:04:07] Black wants to play ...Bxf3.} 16. Re5 (16. Ne5 $11) 16... Bxf3 $17 17. Qc1 (17. Qa4 $142 Qh4 18. Qxa6) 17... Qh4 {[%emt 0:03:45][%cal Oa8d8] Threatens to win with ...Rad8!} 18. Rg5 $2 (18. Qg5 Qxg5 19. Rxg5) 18... h6 $19 19. Rg3 Bh5 20. Qe3 (20. Qxh6 Qxg3 $3 21. fxg3 gxh6 $19) 20... Nb4 (20... Kh8 $2 21. a3 $19) 21. Rxg7+ Kxg7 22. g3 {[%emt 0:00:02][%cal Bg2g3,Bg3g4,Bg4g5][%mdl 32] [#]} Qg5 ({Stronger than} 22... Qxh3 23. Qe5 Rfd8 24. Qxf6+ Kf8 25. Be4 $15) (22... Qd4 $1 $19 23. Bxd4 cxd4) 23. f4 $17 {[%emt 0:00:07] [#]} Nbd5 $1 24. cxd5 Qxd5 25. Be4 {[%emt 0:01:00] [#]} Qd6 $1 26. Be5 {[%emt 0:00:52] [#] This bishop pair is nice.} Qe7 {[%emt 0:02:39][%cal Og7g8] White must now prevent ...Kg8!} 27. g4 {[%emt 0:00:41] [#] And now g5 would win.} Bg6 $1 28. g5 $15 {[%emt 0:00:20][%mdl 64] [#] Pin} Qd7 $1 29. Bxf6+ Kg8 $1 {[%emt 0:01:21] Hoping for ...Bxe4.} 30. gxh6 Kh7 $1 {[%emt 0:01:07] ...Rac8 is the strong threat.} 31. Bxa8 Rxa8 32. Kf2 Qd5 33. h4 Qf5 34. Qe5 Qxe5 (34... Qc2+ {is more complex.} 35. Qe2 Qxe2+ 36. Kxe2 a5) 35. fxe5 {[%emt 0:00:07] The position is equal.} Kxh6 36. Rd1 b5 37. Rd7 c4 38. Rb7 a6 39. Rb6 {[%emt 0:00:34] White happily takes the draw.  Weighted Error Value: White=0.27 (precise) /Black=0.30} 1/2-1/2

[Event "34th MPL National U14-ch 2022"]
[Site "Ahmedabad"]
[Date "2022.05.12"]
[Round "8.6"]
[White "Abhash Roimya Saikia"]
[Black "Samyak Dharewa"]
[Result "1-0"]
[ECO "B46"]
[WhiteElo "1794"]
[BlackElo "1586"]
[Annotator "NA RC COMBH"]
[PlyCount "64"]
[EventDate "2022.05.09"]
[EventType "swiss"]
[EventCountry "IND"]
[SourceTitle "playchess.com"]
[Source "ChessBase"]
[SourceQuality "1"]
[TimeControl "5400+30"]

1. e4 c5 2. Nc3 e6 3. g3 Nc6 4. Bg2 Nge7 5. Nge2 a6 6. d4 cxd4 7. Nxd4 Nxd4 8. Qxd4 Nc6 9. Qd1 b5 10. Bf4 d6 11. O-O Qc7 12. Qd2 Bb7 13. Rad1 Ne5 14. Bxe5 dxe5 15. Qg5 h6 16. Qg4 Rd8 17. a3 Qe7 18. Kh1 Rxd1 19. Rxd1 Qf6 20. Qe2 Bc5 21. Nxb5 O-O 22. Nd6 Ba8 23. f3 Rd8 24. Nc4 h5 25. Rxd8+ Qxd8 26. Qd2 Qd4 27. Qxd4 exd4 28. Bf1 Bb7 29. b4 Be7 30. Na5 Bc8 31. Nc6 Bd6 32. e5 Bc7 1-0

[Event "34th MPL National U14-ch 2022"]
[Site "Ahmedabad"]
[Date "2022.05.12"]
[Round "8.7"]
[White "Arpith S Bijoy"]
[Black "Ilamparthi A R"]
[Result "1/2-1/2"]
[ECO "E60"]
[WhiteElo "1713"]
[BlackElo "2121"]
[Annotator "TA"]
[PlyCount "87"]
[EventDate "2022.05.09"]
[EventType "swiss"]
[EventCountry "IND"]
[SourceTitle "playchess.com"]
[Source "ChessBase"]
[SourceQuality "1"]
[TimeControl "5400+30"]

1. d4 Nf6 2. c4 g6 3. g3 Bg7 4. Bg2 O-O 5. Nf3 d6 6. O-O Nbd7 7. b3 e5 8. Bb2 (8. Nc3 $5 ) 8... Qe7 {[%emt 0:00:30] E60: King's Indian: Unusual lines and Fianchetto Variation without Nc3.} 9. e3 Re8 10. dxe5 dxe5 11. Nc3 (11. Ba3 $5 Nc5 12. Nc3 $11) 11... c6 {[%emt 0:00:30] [#]} 12. Nd2 $146 ({Predecessor:} 12. Qc2 Nf8 13. h3 h5 14. Rad1 e4 15. Nd4 N8h7 16. Nce2 Bd7 17. c5 Nd5 18. a3 a5 {½-½ (75) Titz,H (2158)-Zhelnin,V (2471) Katerini 2014}) 12... Nc5 13. Nce4 Bf5 14. Nxf6+ Qxf6 15. Ba3 Na6 16. Ne4 Bxe4 17. Bxe4 Qe6 18. Qe2 f5 19. Bc2 Bf8 20. c5 Nc7 (20... Bxc5 $2 21. b4 Nc7 22. bxc5 $18) 21. b4 Qe7 (21... a5 $14) 22. Bb3+ $16 Kh8 23. Bb2 ({But not} 23. Qc4 Bg7 $11) 23... Bg7 24. Rad1 Rad8 {[%emt 0:00:30] Prevents Rd6.} 25. e4 {[%emt 0:00:30] Against Nd5. White is more active.} f4 {[%emt 0:00:30] [#]} 26. Rxd8 $1 Rxd8 27. Rd1 fxg3 28. hxg3 ({Reject} 28. fxg3 $6 Nb5 $14) 28... Nb5 29. Rxd8+ Qxd8 30. Qg4 ({White should try} 30. Qc4) 30... Nd4 31. Bc4 Bf6 32. Kg2 ({White should play} 32. Bxd4 $16 exd4 33. Qe6) 32... Kg7 $14 33. a3 h5 34. Qd1 h4 35. gxh4 Bxh4 36. Qg4 (36. f4 $5) 36... Qg5 {[%emt 0:00:30] The position is equal.} 37. Qxg5 Bxg5 $11 {[%emt 0:00:30][%mdl 4096] Endgame KBB-KBN} 38. Kg3 Bd2 39. Kg4 Kf6 40. f4 Be3 41. fxe5+ Kxe5 42. Bd3 Bd2 43. Kg3 g5 44. Kg4 {[%emt 0:00:30] Weighted Error Value: White=0.10 (very precise) /Black=0.13 (very precise)} 1/2-1/2

[Event "34th MPL National U14-ch 2022"]
[Site "Ahmedabad"]
[Date "2022.05.12"]
[Round "8.8"]
[White "Daakshin Arun"]
[Black "Agarwal Mukund H"]
[Result "1-0"]
[ECO "A77"]
[WhiteElo "2016"]
[BlackElo "1696"]
[Annotator "TA"]
[PlyCount "65"]
[EventDate "2022.05.09"]
[EventType "swiss"]
[EventCountry "IND"]
[SourceTitle "playchess.com"]
[Source "ChessBase"]
[SourceQuality "1"]
[TimeControl "5400+30"]

1. d4 Nf6 2. c4 c5 3. d5 e6 4. Nc3 exd5 5. cxd5 d6 6. Nf3 g6 7. Nd2 Bg7 8. e4 O-O 9. Be2 Re8 10. O-O a6 11. a4 Nbd7 12. Re1 Ne5 13. f4 {[%emt 0:00:30] A77: Modern Benoni: Classical: 9...Re8 10 Nd2: 10...a6 and 10...Nbd7.} Neg4 14. Bf3 ({Wrong is} 14. Nc4 $2 Nxe4 $1 15. Bxg4 Bxg4 16. Qxg4 Nxc3 $19) 14... Nxe4 15. Rxe4 ({White should play} 15. Ncxe4 $11 Bd4+ 16. Kh1) 15... Bd4+ $15 16. Rxd4 $1 cxd4 ({Much less strong is} 16... Ne3 17. Qb3 $1 cxd4 18. Nde4 $14) 17. Nce4 f5 ({Black should try} 17... Ne3 $1 $11 18. Qb3 Qe7) 18. Ng5 $36 {[%emt 0:00:30][%mdl 2048] [#] And now Bxg4 would win. White has some pressure. Pair of Knights!} Qe7 $146 {[%emt 0:00:30] [#] This move loses the game for Black.} (18... d3 $1 $11 {and Black stays safe.} 19. Bxg4 fxg4) ({Predecessor:} 18... Ne3 19. Qb3 b5 20. axb5 Rb8 {½-½ (20) Lehikoinen,P (2262)-Kauko,J (2264) Finland 2003}) 19. Nf1 $1 $18 {[%emt 0:00:30] Threatens to win with b4.} Qe1 $2 (19... h6) 20. Qxd4 {[%emt 0:00:30] Bxg4 is the strong threat.} Qa5 (20... h6 $142 21. b3 Qf2+ 22. Qxf2 Nxf2 23. Kxf2 hxg5 24. fxg5 Bd7) 21. Bxg4 {[%emt 0:00:30] Strongly threatening b4.} fxg4 22. b4 Qc7 23. Bb2 Re5 24. fxe5 dxe5 25. Qxe5 Qxe5 26. Bxe5 Bf5 27. Ne3 Rd8 28. Nxf5 gxf5 29. d6 {[%emt 0:00:30][%cal Bd5d6,Bd6d7][%mdl 32] Threatening mate with Rc1.} h6 30. Ne6 {[%emt 0:00:30] White mates.} Rd7 31. Nc5 Rd8 32. Nxb7 Rf8 33. d7 {[%emt 0:00:30] Weighted Error Value: White=0.24 (precise) /Black=1.31} 1-0

[Event "34th MPL National U14-ch 2022"]
[Site "Ahmedabad"]
[Date "2022.05.12"]
[Round "8.9"]
[White "Gandhi, Aakash"]
[Black "Sahib Singh"]
[Result "1/2-1/2"]
[ECO "D36"]
[WhiteElo "1698"]
[BlackElo "1991"]
[Annotator "TA"]
[PlyCount "61"]
[EventDate "2022.05.09"]
[EventType "swiss"]
[EventCountry "IND"]
[SourceTitle "playchess.com"]
[Source "ChessBase"]
[SourceQuality "1"]
[TimeControl "5400+30"]

1. d4 d5 2. c4 e6 3. Nc3 Nf6 4. cxd5 exd5 5. Bg5 c6 6. e3 Be7 7. Bd3 h6 8. Bh4 Nbd7 9. Nge2 Nh5 10. Bxe7 Qxe7 11. Qc2 Nb6 12. O-O {D36: Queen's Gambit Declined: Exchange Variation: Main line (5 Bg5 c6 6 Qc2).} O-O 13. Rae1 Nf6 14. Ng3 {White is slightly better.} Be6 {[#]} 15. a3 $146 ({Predecessor:} 15. f3 c5 16. Nce2 cxd4 17. Nxd4 Rac8 18. Qf2 g6 19. h3 Nc4 20. f4 Ne4 21. Nxe4 dxe4 22. Bxe4 Bxh3 23. Bxg6 fxg6 24. gxh3 {1-0 (43) Nakhbayeva,G (2314)-Atalik,E (2451) Riadh 2017}) 15... a5 16. Rb1 Nbd7 17. a4 h5 18. Rfe1 h4 19. Nf5 Bxf5 20. Bxf5 g6 21. Bh3 Rfe8 22. f3 Nf8 23. e4 dxe4 24. fxe4 Nh5 25. e5 Ne6 (25... f5 $11) 26. Bxe6 (26. Rbd1 $16) 26... Qxe6 $14 27. Qf2 (27. Re4 $14 {might be stronger.}) 27... h3 $11 28. g3 f5 29. Qf3 Rad8 30. Rbd1 Rd7 31. Rf1 {Weighted Error Value: White=0.14 (very precise) /Black=0.14 (very precise)} 1/2-1/2

[Event "34th MPL National U14-ch 2022"]
[Site "Ahmedabad"]
[Date "2022.05.12"]
[Round "8.10"]
[White "Ankit Ray"]
[Black "Mrithyunjay Mahadevan"]
[Result "0-1"]
[ECO "D91"]
[WhiteElo "1932"]
[BlackElo "1661"]
[Annotator "TA"]
[PlyCount "74"]
[EventDate "2022.05.09"]
[EventType "swiss"]
[EventCountry "IND"]
[SourceTitle "playchess.com"]
[Source "ChessBase"]
[SourceQuality "1"]
[TimeControl "5400+30"]

1. d4 Nf6 2. c4 g6 3. Nc3 d5 4. Bg5 Ne4 5. Bf4 Nxc3 6. bxc3 dxc4 7. e3 Be6 8. Nf3 {[%emt 0:00:30] 8.Qb1 is a critical line.} Bg7 9. Qb1 {[%emt 0:00:30] D91: Grünfeld: 4 Nf3 Bg7 5 Bg5.} Qd5 10. Bxc7 Bf5 {[%emt 0:00:30] Prevents e4.} 11. Qb2 {[%emt 0:00:30] [#] White is slightly better.} O-O $146 ({Predecessor:} 11... Nd7 12. Be2 Rc8 13. Bg3 O-O 14. O-O Bd3 15. Rfd1 Bxe2 16. Qxe2 Rfe8 17. a4 Qa5 {½-½ (74) Sanchez,A (2296)-Mende,I (2352) ICCF email 2014}) 12. Be5 Rc8 13. Bxg7 Kxg7 14. Be2 Nd7 15. h4 h5 16. Nd2 (16. a4 $11) 16... e5 (16... Qxg2 $2 17. Bf3 Qxh1+ 18. Bxh1 $18) 17. Bf3 (17. O-O $11) 17... e4 ({Better is} 17... Qe6 $15 18. d5 Qa6) 18. Be2 $11 b5 19. Rg1 $2 {[%emt 0:00:30] [#]} (19. a4 $11) 19... Rab8 ({Black should play} 19... Nf6 $19 20. a4 a6) 20. g4 $17 hxg4 21. Bxg4 Bxg4 22. Rxg4 f5 (22... b4 $17 {Hoping for ...Nf6.} 23. Rg5 Qe6) 23. Rg3 (23. Rg5 $11) 23... Nf6 $15 24. Qb4 Qd8 {[%emt 0:00:30] Active counter play!} 25. Qa3 {[%emt 0:00:30] Now White is beyond hope.} (25. O-O-O $17) 25... a5 $19 26. Rb1 (26. Ke2 {was called for.} b4 27. cxb4) 26... Kh6 27. Ke2 Qc7 (27... b4 $142 28. cxb4 c3) 28. Rbg1 Rg8 29. Qc1 {[%emt 0:00:30] [#]} b4 $1 30. Qf1 $2 (30. Nb1) 30... bxc3 31. Qg2 Qf7 32. h5 Nxh5 33. Rg5 cxd2 34. Qh2 c3 {[%emt 0:00:30] Black mates.} 35. d5 d1=Q+ 36. Rxd1 Rb2+ 37. Kf1 Kxg5 {[%emt 0:00:30] Weighted Error Value: White=0.83/Black=0.21 (precise)} 0-1

[Event "34th MPL National U14-ch 2022"]
[Site "Ahmedabad"]
[Date "2022.05.13"]
[Round "9.1"]
[White "Mayank Chakraborty"]
[Black "John Veny Akkarakaran"]
[Result "0-1"]
[ECO "C11"]
[WhiteElo "2015"]
[BlackElo "1855"]
[Annotator "TA"]
[PlyCount "120"]
[EventDate "2022.05.09"]
[EventType "swiss"]
[EventCountry "IND"]
[SourceTitle "playchess.com"]
[Source "ChessBase"]
[SourceQuality "1"]
[TimeControl "5400+30"]

1. e4 e6 2. d4 d5 3. Nc3 Nf6 4. e5 Nfd7 5. f4 c5 6. Nf3 Nc6 7. Be3 cxd4 8. Nxd4 Bc5 9. Qd2 O-O 10. O-O-O Bxd4 11. Bxd4 a6 {11...a6 is better than 11...Qa5.} 12. Kb1 b5 13. Bf2 {[%emt 0:01:45] C11: French: Classical System: 4 e5 and 4 Bg5 dxe4.} Qa5 14. Bd3 b4 15. Ne2 {[%emt 0:02:59] White is better.} Nc5 16. Nd4 Nxd4 17. Bxd4 {[%emt 0:00:07] [#]} Bb7 $146 ({Predecessor:} 17... Nxd3 18. Qxd3 Bd7 19. Qg3 Qc7 20. Rd3 Ba4 21. Rc1 Rac8 22. Qf2 Rfe8 23. g4 Qe7 {1-0 (37) King,D (2500)-McHugh,K Dublin 1993}) 18. f5 (18. g4 $16) 18... exf5 $1 $11 19. Bxf5 {[%emt 0:00:18] This bishop pair is nice.} Bc8 20. g4 (20. a3 $5 Rb8 21. e6 Bxe6 22. Bxg7 (22. Qg5 f6 $17) 22... Bxf5 23. Bxf8 Kxf8 24. Qxd5 $14) 20... Be6 21. Qe3 {[%emt 0:10:38] Inhibits Ne4.} Rfc8 22. Rhf1 Ne4 23. Qh3 g6 24. Qh6 Qc7 (24... gxf5 $2 25. gxf5 $18) 25. Rc1 Qc4 (25... gxf5 $2 26. gxf5 Kh8 27. fxe6 fxe6 28. Qxe6 $18) 26. Qe3 Rab8 27. Bxe4 (27. b3 $5 Nc3+ 28. Bxc3 bxc3 29. Rf4 $11) 27... dxe4 28. b3 Qc6 29. Qh6 a5 30. Rxf7 Kxf7 (30... Bxf7 $2 31. e6) 31. Qxh7+ Ke8 32. Qh8+ Kd7 (32... Ke7 $5 33. Qf6+ Ke8 34. Qh8+ Ke7 35. Qf6+ Ke8 36. Qh8+ $11) 33. Qg7+ Kd8 {[%emt 0:00:38] ...Rb7 is the strong threat.} 34. Rf1 $1 {[%emt 0:00:24] Rf8+ would kill now.} Bd7 (34... Qxc2+ $2 35. Ka1 Qc1+ 36. Rxc1 Rxc1+ 37. Kb2 $18) (34... Qd7 $1 $11 35. Qf8+ Kc7 36. Qc5+ Qc6 37. Qe7+ Qd7 38. Qc5+ Qc6 39. Qe7+ Qd7 40. Qc5+) 35. e6 $1 $16 Qxe6 {[%emt 0:01:02] aiming for ...Rc6.} 36. Be5 Rc6 {[%emt 0:02:26] Threatens to win with ...Rb5.} 37. Bxb8 {[%emt 0:02:29] Black must now prevent Bg3.} (37. Rf8+ $6 Be8 38. Bxb8 Qd5 $11) 37... e3 38. Qd4 {[%emt 0:00:21] Hoping for Rf8+.} Kc8 39. Bg3 Kb7 {[%emt 0:01:05] Inhibits Qa7+.} 40. Rd1 Bc8 41. Qf4 {[%emt 0:00:20] Strongly threatening Qb8+.} Ka6 (41... Qxg4 $2 42. Qb8+ Ka6 43. Qa8+ Kb6 44. Rd5 $18) (41... g5 $16 {is a better defense.} 42. Qxg5 e2) 42. h3 (42. Qf3 $18 {is more deadly.}) 42... g5 (42... e2 $16 43. Rc1 Bd7) 43. Qd4 $36 {[%emt 0:01:16][%mdl 2048] Black is under strong pressure.} ({Don't do} 43. Qxg5 Qe4 44. Rc1 Qd4) 43... Bb7 (43... e2 {was called for.} 44. Rc1 (44. Qd3+ Kb7 $16) 44... Bd7 45. Qd3+ (45. Bf2 Rc7 $16) 45... Ka7 46. Bf2+ Ka8) 44. Bb8 {[%emt 0:00:24] Threatening mate with Qa7+.} Bc8 $2 (44... Rb6) 45. Qa7+ Kb5 46. Bc7 (46. c4+ $142 bxc3 47. Rd4) 46... Ba6 47. Qb8+ Kc5 48. Be5 (48. Bxa5 $142 Bb7 49. Qxb7 Qe4 50. Bb6+ $1 Rxb6 51. Qxe4 Rh6 52. Rd7 Rc6 53. Qxe3+ Kb5 54. Rb7+ Ka5 55. Qa7+ Ra6 56. Qc5#) 48... e2 49. Bd4+ $4 (49. Qf8+ $18 {is the narrow road to win.} Kb5 50. c4+ Rxc4 51. Qb8+ (51. bxc4+ Ka4 $15) 51... Kc5 52. Bd6+ Kc6 53. Qc7+ Kb5 54. bxc4+ Qxc4 55. Qd7+ Kb6 56. Qd8+ Kc6 57. Qe8+ Kb7 58. Qe7+ Kb6 59. Qd8+ Kc6 60. Qe8+ Kb7 61. Qe7+ Kb6 62. Qd8+) 49... Kd5 $19 {[%emt 0:00:06][%cal Bc5d5,Bd5e4,Be4d4,Bd4e5,Be5d6,Bd6e7,Be7f6,Bf6g7,Bg7g6,Bg6h6][%mdl 32] Really sharp!} 50. Qd8+ Ke4 51. Rc1 {[%emt 0:01:15] [#]} (51. Ba7 $142 exd1=N 52. Qxd1) 51... Rd6 (51... Rxc2 $142 $3 52. Kxc2 Qc6+ 53. Bc5 Qxc5+ 54. Kb1 Bd3+ 55. Qxd3+ Kxd3 56. Rxc5 e1=Q+ 57. Rc1 Qe3 58. Rd1+ Kc3 59. Rc1+ Kd2 60. Rc2+ Kd3) 52. Qa8+ Kxd4 53. Qa7+ Ke5 {[%emt 0:00:39] ( -> ...Rd1)} 54. h4 Rd1 {[%emt 0:01:19] Black mates.} 55. Qe3+ Kd6 56. Qb6+ Ke7 57. Qa7+ Kf6 58. Qf2+ Kg7 59. Qa7+ Kg6 60. h5+ Kh6 {[%emt 0:00:07] Black used his chance.  Weighted Error Value: White=0.97/Black=0.39} 0-1

[Event "34th MPL National U14-ch 2022"]
[Site "Ahmedabad"]
[Date "2022.05.13"]
[Round "9.2"]
[White "Kadam Om Manish"]
[Black "Abhash Roimya Saikia"]
[Result "1/2-1/2"]
[ECO "B10"]
[WhiteElo "2144"]
[BlackElo "1794"]
[Annotator "TA"]
[PlyCount "126"]
[EventDate "2022.05.09"]
[EventType "swiss"]
[EventCountry "IND"]
[SourceTitle "playchess.com"]
[Source "ChessBase"]
[SourceQuality "1"]
[TimeControl "5400+30"]

1. e4 c6 2. c4 d5 3. exd5 cxd5 4. cxd5 Nf6 5. Nc3 Nxd5 6. Nf3 Nc6 7. Bb5 {[%emt 0:00:06] B10: Caro-Kann: 2 d3 and 2 c4.} g6 8. d4 (8. Qa4 $5 Nb6 9. Bxc6+ bxc6 10. Qxc6+ Bd7 11. Qe4 $11) 8... Bg7 9. O-O O-O 10. h3 Nc7 11. Bxc6 bxc6 {[#]} 12. Re1 $146 ({Predecessor:} 12. Qa4 Bd7 13. Qa3 Nb5 14. Qc5 Be6 15. Nxb5 cxb5 16. Qxb5 Rc8 17. Re1 Bd5 18. Ne5 {½-½ (24) Mladenov,S (2407)-Turov,M (2630) Basel 2013}) 12... Ne6 13. Be3 Rb8 14. Qd2 Ba6 15. Rab1 Bc4 16. Bh6 Bd5 {[%emt 0:08:59] Strongly threatening ...Bxh6.} 17. Bxg7 Kxg7 18. Ne5 h5 (18... Qd6 $11) 19. b4 ({But not} 19. Nxd5 Qxd5 20. Qc3 Rb7 $11) (19. b3 $16) 19... Qd6 (19... a5 $11) 20. b5 {[%emt 0:02:44] White is more active.} ({Better is} 20. Nxd5 $14 cxd5 21. b5) 20... f6 21. Nd3 (21. bxc6 $11 {keeps the balance.} Rxb1 22. Rxb1) 21... Nxd4 $17 22. Nb4 e5 23. Ncxd5 (23. f4 $17) 23... cxd5 $19 24. a4 {[%emt 0:00:02] [#]} Rbc8 $1 25. f4 (25. Rb2 $142) 25... Rc4 26. Nc6 Nxc6 27. bxc6 Rxc6 28. fxe5 fxe5 {[%emt 0:00:29] aiming for ...Rc7.} 29. Rb7+ {[%emt 0:00:03] [#]} Rc7 (29... Rf7 $1 $17 30. Rxf7+ Kxf7 31. Qf2+ Kg7 32. Qxa7+ Rc7) 30. Rxc7+ $11 Qxc7 31. Qxd5 {[%emt 0:00:03][%mdl 4096] Endgame KQR-KQR} Re8 32. Re4 a5 (32... Qb6+ {is more complex.} 33. Kh1 Re7 34. h4 Qf2) 33. Rc4 Qa7+ 34. Kh1 Re7 35. Re4 Qc7 36. Kh2 Qa7 37. Qd6 Qc7 38. Qxc7 Rxc7 39. Rxe5 {[%emt 0:00:00] KR-KR} Ra7 (39... Kf6 $11 {remains equal.} 40. Rxa5 g5) 40. h4 (40. Kg3 $16) 40... Ra6 {[%emt 0:00:30] The position is equal.} 41. Kg3 Kf6 42. Rb5 Rc6 43. Rxa5 Rc3+ 44. Kh2 Ra3 45. g3 Ra2+ 46. Kh3 Ra3 47. Ra8 Ra2 48. Ra7 Ke6 49. a5 Kf6 50. Ra8 Kf7 51. Ra6 Kg7 52. Ra8 Kf7 53. Ra7+ Kf6 54. a6 Ke6 55. Rg7 Kf6 56. Ra7 Ke6 57. Ra8 {[%emt 0:02:56] White threatens a7 and mate.} Kf7 58. g4 {[%emt 0:01:51] Black must now prevent g5.} Ra3+ 59. Kg2 hxg4 60. Kf2 Kg7 61. Ra7+ Kf6 62. Kg2 Ke6 63. Ra8 {[%emt 0:01:09] Threatens to win with a7.} Kf6 {[%emt 0:00:11] White happily takes the draw.  Weighted Error Value: White=0.15 (very precise) /Black=0.13 (very precise)} 1/2-1/2